 Dungeon Crawl Stone Soup version 0.22-a0-283-g1871b15 (webtiles) character file.

5221 b5mith the Fighter (level 10, 0/93 HPs)
             Began as a Minotaur Berserker on Mar 18, 2018.
             Was an Elder of Trog.
             Slain by an orc warrior
             ... wielding a +0 halberd
              (11 damage)
             ... on level 8 of the Dungeon.
             The game lasted 00:18:10 (6671 turns).

b5mith the Fighter (Minotaur Berserker)             Turns: 6671, Time: 00:18:10

Health: 0/93       AC:  7    Str: 24    XL:     10   Next: 35%
Magic:  9/9        EV: 15    Int:  0    God:    Trog [****..]
Gold:   329        SH:  0    Dex: 10    Spells: 9/9 levels left

rFire    . . .     SeeInvis +   x - +2 scimitar "Wirruer" {venom, rElec MR+ Int-5 SInv}
rCold    . . .     Gourm    .   (no shield)
rNeg     . . .     Faith    .   h - +0 ring mail
rPois    +         Spirit   .   (helmet restricted)
rElec    +         Reflect  .   (no cloak)
rCorr    .         Harm     .   (no gloves)
MR       +....                  (no boots)
Stlth    ..........             J - amulet of magic regeneration
HPRegen  0.25/turn              j - ring of poison resistance
MPRegen  0.36/turn              B - ring of flight

@: slowed, lost intelligence, very slow
A: retaliatory headbutt, horns 2
a: Berserk, Trog's Hand, Brothers in Arms, Renounce Religion, Evoke Flight


You were on level 8 of the Dungeon.
You worshipped Trog.
Trog was greatly pleased with you.
You were not hungry.

You visited 1 branch of the dungeon, and saw 8 of its levels.

You collected 329 gold pieces.

Inventory:

Hand Weapons
 a - a +0 falchion
 e - a +0 club
 x - the +2 scimitar "Wirruer" (weapon) {venom, rElec MR+ Int-5 SInv}
   (You found it on level 4 of the Dungeon)

   It poisons the flesh of those it strikes.
   It affects your intelligence (-5).
   It insulates you from electricity.
   It affects your resistance to hostile enchantments.
   It lets you see invisible.
Missiles
 l - 5 tomahawks (quivered)
 p - 7 poisoned javelins
Armour
 b - a +0 animal skin
 h - a +0 ring mail (worn)
Jewellery
 j - a ring of poison resistance (left hand)
 B - a ring of flight (right hand)
 J - an amulet of magic regeneration (around neck)
Wands
 u - a wand of flame (24)
 z - a wand of digging (14)
 L - a wand of iceblast (4)
Scrolls
 d - 2 scrolls of amnesia
 g - a scroll of fear {unknown}
 i - 8 scrolls of remove curse {@r2}
 m - 4 scrolls of teleportation
 n - 2 scrolls of enchant weapon {unknown}
 o - 2 scrolls of immolation
 w - a scroll of enchant armour {unknown}
 y - 2 scrolls of fog {unknown}
 A - 3 scrolls of random uselessness {unknown}
 D - a scroll of blinking {unknown}
 F - a scroll of magic mapping {unknown}
 G - 4 scrolls of identify {@r1}
 K - a scroll of vulnerability {unknown}
 M - a scroll of holy word {unknown}
Potions
 f - 3 potions of curing {@q1}
 k - 3 potions of lignification
 q - 3 potions of heal wounds {unknown}
 r - a potion of agility {unknown}
 s - 2 potions of mutation {unknown}
 t - a potion of haste {unknown}
 v - a potion of degeneration {unknown}
 C - a potion of resistance {unknown}
 E - 2 potions of might {unknown}
 I - a potion of flight {unknown}
 N - 2 potions of invisibility {unknown}
Comestibles
 c - 13 rations
 H - 4 chunks of flesh


   Skills:
 + Level 9.9 Fighting
 + Level 9.9 Long Blades
 + Level 9.5 Armour
 + Level 8.7 Dodging


You had 9 spell levels left.
You didn't know any spells.

Dungeon Overview and Level Annotations

Branches:
Dungeon (8/15)             Temple (0/1) D:6
   Lair: D:8-11

Altars:
Ashenzari
Elyvilon
Nemelex Xobeh
Ru
Xom
Yredelemnul

Shops:
D:7 *


Innate Abilities, Weirdness & Mutations

You reflexively headbutt those who attack you in melee.
You have a pair of horns on your head.


Message History

The orc warrior shouts!
An orc comes into view.
Things that are here:
a hand axe; a chain mail; an orc skeleton The orc shouts!
You hear a shout!
You hear an angry hiss.
The orc warrior zaps a wand.
You suddenly lose the ability to move!
It is a wand of paralysis (10).
A wyvern and an orc come into view.
The wyvern moves out of view.
The orc warrior zaps a wand.
You resist with almost no effort.
The orc warrior hits you from afar with a halberd.
* * * LOW HITPOINT WARNING * * *
You can move again.
There is a stone staircase leading up, spattered with blood here.
Things that are here:
a giant club x2
The wyvern bites you!
* * * LOW HITPOINT WARNING * * *
The orc warrior hits you from afar with a halberd!
You die...

# .## #. ..##
.#.. ...
..#.##### ..#
......... ..
....o..# .####
#..l###....#
#.oo@))....#
#..####.......
..... ....###
....... ....#
#.###.# ....#
# #. ....# #.
#...# #. <..#


You could see an orc warrior, a wyvern and 2 orcs.

Vanquished Creatures
  2 two-headed ogres (D:8)
  Pikel (D:7)
  Joseph (D:7)
  A troll (D:5)
  A hippogriff (D:5)
  Grinder (D:3)
  The ghost of b5mith the Conjurer, an amateur HuCj of Sif Muna (D:5)
  A hungry ghost (D:7)
  A water moccasin (D:5)
  2 slaves (D:7)
  An orc warrior (D:7)
  A sky beast (D:5)
  A phantom (D:6)
  4 centaurs
  Blork the orc (D:6)
  A bullfrog (D:4)
  A gnoll sergeant (D:7)
  A scorpion (D:5)
  6 killer bees (D:8)
  A bullfrog zombie (D:5)
  3 crimson imps
  A quasit (D:7)
  A jelly (D:7)
  An orc priest (D:5)
  6 hounds
  2 orc wizards
  2 bullfrog skeletons
  An iguana (D:5)
  6 worker ants
  4 hound skeletons
  2 hound zombies
  10 gnolls
  12 adders
  2 shadow imps
  An ooze (D:6)
  An adder skeleton (D:2)
  2 adder zombies
  A worm (D:5)
  A dart slug (D:5)
  5 leopard geckos
  25 orcs
  6 bats
  A bat skeleton (D:2)
  3 bat zombies (D:2)
  3 giant cockroaches
  6 hobgoblins
  2 jackals (D:4)
  10 kobolds
  3 quokkas
  3 ball pythons
  A ball python skeleton (D:4)
  2 frilled lizards
  2 giant cockroach zombies (D:2)
  5 goblins
  A jackal skeleton (D:6)
  A leopard gecko skeleton (D:2)
  A leopard gecko zombie (D:5)
  A quokka skeleton (D:4)
  7 rats
177 creatures vanquished.

Vanquished Creatures (others)
  A bullfrog (D:7)
  A gnoll (D:7)
2 creatures vanquished.

Grand Total: 179 creatures vanquished

Notes
Turn   | Place    | Note
-------+----------+-------------------------------------------
     0 | D:1      | b5mith the Minotaur Berserker began the quest for the Orb.
     0 | D:1      | Reached XP level 1. HP: 19/19 MP: 0/0
   649 | D:1      | Reached XP level 2. HP: 27/27 MP: 1/1
   789 | D:2      | Reached XP level 3. HP: 30/33 MP: 2/2
   820 | D:2      | Found a shattered altar of Ashenzari.
   970 | D:2      | Reached XP level 4. HP: 19/41 MP: 3/3
  1251 | D:2      | Reached ** piety under Trog
  1772 | D:3      | Noticed Grinder
  1794 | D:3      | Killed Grinder
  1794 | D:3      | Reached skill level 5 in Fighting
  1794 | D:3      | Reached skill level 5 in Long Blades
  1794 | D:3      | Reached XP level 5. HP: 18/48 MP: 4/4
  1794 | D:3      | Reached XP level 6. HP: 21/56 MP: 5/5
  2759 | D:4      | Reached skill level 5 in Armour
  2777 | D:4      | Reached XP level 7. HP: 61/62 MP: 6/6
  3213 | D:4      | Got a crystal scimitar
  3214 | D:4      | Lost intelligence.
  3214 | D:4      | Identified the +2 scimitar "Wirruer" {venom, rElec MR+ Int-5 SInv} (You found it on level 4 of the Dungeon)
  3371 | D:5      | Entered Level 5 of the Dungeon
  3374 | D:5      | Reached skill level 5 in Dodging
  3402 | D:5      | Reached *** piety under Trog
  3501 | D:5      | Noticed a troll
  3507 | D:5      | Killed a troll
  3507 | D:5      | Reached XP level 8. HP: 30/71 MP: 7/7
  3661 | D:5      | Found a glowing drain.
  3761 | D:5      | Noticed a hippogriff
  3767 | D:5      | Killed a hippogriff
  4280 | D:5      | Found a basalt altar of Yredelemnul.
  4283 | D:5      | Found a white marble altar of Elyvilon.
  4285 | D:5      | Found a sacrificial altar of Ru.
  4297 | D:5      | Noticed b5mith's ghost (amateur HuCj)
  4309 | D:5      | Killed b5mith's ghost
  4829 | D:6      | Reached XP level 9. HP: 81/81 MP: 8/8
  5147 | D:6      | Found a sparkling altar of Nemelex Xobeh.
  5338 | D:6      | Noticed Blork the orc
  5349 | D:6      | Killed Blork the orc
  5349 | D:6      | Reached **** piety under Trog
  5468 | D:6      | Found a staircase to the Ecumenical Temple.
  5716 | D:7      | Noticed Pikel
  5718 | D:7      | Noticed Joseph
  5729 | D:7      | Killed Pikel
  5735 | D:7      | Killed Joseph
  6153 | D:7      | Found Huwon's General Store.
  6302 | D:7      | Found a shimmering altar of Xom.
  6525 | D:8      | Reached XP level 10. HP: 91/91 MP: 9/9
  6583 | D:8      | Noticed a two-headed ogre
  6588 | D:8      | Killed a two-headed ogre
  6625 | D:8      | Noticed a two-headed ogre
  6631 | D:8      | Killed a two-headed ogre
  6666 | D:8      | Paralysed by an orc warrior for 5 turns
  6671 | D:8      | Slain by an orc warrior

Vault maps used:
D:1:      dpeg_arrival_renting
D:2:      overflow_temple_1_default, first_ration, serial_undead,
          serial_undead_a, serial_undead_e, serial_undead_b, serial_undead_f,
          serial_undead_c, hex_medium
D:3:      uniq_grinder
D:5:      nicolae_overflow_hidden_temple, portal_sewer_entry_b,
          cheibrodos_gnoll_hut
D:6:      corexii_shack_village, nemelex_xobeh_ov_fountains_minmay,
          minmay_temple_entry_fiery, kennysheep_generic_room_15,
          uniq_blork_the_orc
D:7:      kennysheep_mini, serial_shops, shop_fountains, uniq_pikel, uniq_joseph
D:8:      slow_altar_2, the_bakery

Skill      XL: |  1  2  3  4  5  6  7  8  9 |
---------------+----------------------------+-----
Fighting       | 4 5 6 7 9 |  9.9
Long Blades    | 4 5 6 7 9 |  9.9
Armour         | 3 4 5 6 7 9 |  9.5
Dodging        | 3 4 5 6 8 |  8.7

Action                   |  1- 3 |  4- 6 |  7- 9 | 10-12 || total
-------------------------+-------+-------+-------+-------++-------
Melee: Falchion          |    45 |    89 |    44 |       ||   178
       Headbutt          |     6 |    26 |    54 |     4 ||    90
       Scimitar          |       |       |   185 |    13 ||   198
Invok: Berserk           |     1 |     1 |     4 |       ||     6
  Use: Scroll            |       |     5 |     1 |       ||     6
  Eat: Chunk             |       |     8 |    14 |     1 ||    23
       Ration            |       |       |     2 |       ||     2
Armor: Animal skin       |     4 |       |       |       ||     4
       Ring mail         |     9 |    24 |    73 |     1 ||   107
Dodge: Dodged            |    29 |    58 |   223 |     9 ||   319
       Rpst.: Falchion   |     8 |    21 |     3 |       ||    32
       Scimitar          |       |       |    50 |     1 ||    51

Table legend:
 A = Spawn XP
 B = Non-spawn XP
 C = Spawn XP percentage of total XP
 D = Spawn monster count
 E = Non-spawn monster count
 F = Spawn count percentage of total count
 G = Total turns spent on level
                    A         B        C        D         E        F      G
               +---------+---------+-------+---------+---------+-------+---------
         Total |       0 |    7459 |   0.0 |       0 |     175 |   0.0 |  6671
               +---------+---------+-------+---------+---------+-------+---------
           D:1 |       0 |      13 |   0.0 |       0 |       9 |   0.0 |   759
           D:2 |       0 |     135 |   0.0 |       0 |      30 |   0.0 |   981
           D:3 |       0 |     416 |   0.0 |       0 |      12 |   0.0 |   908
           D:4 |       0 |     366 |   0.0 |       0 |      23 |   0.0 |   723
           D:5 |       0 |    1820 |   0.0 |       0 |      39 |   0.0 |  1428
           D:6 |       0 |     642 |   0.0 |       0 |      24 |   0.0 |   815
           D:7 |       0 |    1808 |   0.0 |       0 |      26 |   0.0 |   900
           D:8 |       0 |    2259 |   0.0 |       0 |      12 |   0.0 |   157
               +---------+---------+-------+---------+---------+-------+---------
